Cogmind - Beta 15 @@@ ROGUE MODE // 2025.05.13 @ 20:48:46 Player: harambe Result: Destroyed by G-73 Enforcer with Phase Gun Performance ------------- Evolutions (9) 4500 Regions Visited (17) 3400 Robots Destroyed (172) 860 Value Destroyed (6458) 6458 Prototype IDs (28) 560 Alien Tech Used (1) 200 Bonus (836) 836 TOTAL SCORE: 16814 Bonus ------- High Alert Combat Kills 111 Entered DSFs 500 Acquired ECA 300 Met Zhirov 300 Friendly Fire -375 Cogmind --------- Core Integrity 0/1600 Matter 128/300 Energy 100/100 System Corruption 0% Temperature Cool (9) Movement Core (50) Location -1/Access Parts ------- > --- POWER (2) -------- (None) > --- PROPULSION (10) -- (None) > --- UTILITY (10) ----- (None) > --- WEAPON (3) ------- (None) > --- INVENTORY (5) ---- Huge Storage Unit Peak State ------------ > --- POWER ------------ Backup Power III > --- PROPULSION ------- Centrium Wheel Centrium Wheel Centrium Wheel Centrium Wheel Centrium Wheel Centrium Wheel Centrium Wheel Centrium Wheel > --- UTILITY ---------- Huge Storage Unit Improved Energy Well Improved Sensor Array Encrypted Comm Array Armor Integrity Analyzer Advanced Transmission Jammer Advanced Focal Shield Improved Hacking Suite Improved Hacking Suite Improved Hacking Suite > --- WEAPON ----------- Backup Laser III Backup Laser III Improved KE Penetrator > --- INVENTORY -------- Centrium Leg Heavy Shield Leg Wheel Xenon Bombardment Thruster Xenon Bombardment Thruster Xenon Bombardment Thruster Xenon Bombardment Thruster Nuclear Pulse Thruster Nuclear Pulse Thruster Large Storage Unit Energy Well Improved Matter Compressor Improved Matter Compressor Arc Projector Phase Gun Phase Gun Matter Neutralizer Mini Assault Cannon Gamma Bomb Array Rocket Launcher Molecular Deconstructor Greatsword [Rating: 135] Favorites ----------- Power Ion Engine Engine Ion Engine Reactor Light Antimatter Reactor Propulsion Centrium Wheel Treads Light Treads Leg Heavy Shield Leg Wheel Centrium Wheel Flight Unit Xenon Bombardment Thruster Utility Huge Storage Unit Device Weapon Cycler Storage Huge Storage Unit Processor Signal Interpreter Hackware Improved Hacking Suite Protection Reactive Plating Weapon Minigun Energy Gun Particle Gun Energy Cannon Matter Neutralizer Ballistic Gun Minigun Ballistic Cannon Hardcell Cannon Launcher Advanced EMP Blaster Special Weapon Molecular Deconstructor Slashing Weapon Greatsword Build | -11 -10 -9 -8 -7 -7 -7 -5 -5 -4 -4 -4 -4 -3 -3 -2 -2 -1 ------- Run | Yrd Mat Mat Mat Fac Sto Rec Fac DSF Fac Upp Upp Zhi Pro Res Res Tes Acc Slots Evolved 18 | . . 2 2 2 . . 4 . 2 . . . . 2 2 . 2 Power 1 | . . . . . . . . . . . . . . 1 . . . Propulsion 8 | . . 1 . . . . 1 . 2 . . . . 1 1 . 2 Utility 8 | . . 1 2 2 . . 2 . . . . . . . 1 . . Weapon 1 | . . . . . . . 1 . . . . . . . . . . Parts Attached 154 | 4 18 22 16 9 10 3 2 9 8 1 3 1 1 23 5 11 8 Power 16 | . 5 2 2 1 1 . . . 1 . . . . 4 . . . Engine 13 | . 5 2 2 1 1 . . . 1 . . . . 1 . . . Core . | . . . . . . . . . . . . . . . . . . Reactor 3 | . . . . . . . . . . . . . . 3 . . . Propulsion 60 | 2 6 11 5 . 2 3 . 4 2 . . . . 12 2 5 6 Treads 13 | 1 2 4 2 . 2 2 . . . . . . . . . . . Leg 1 | . . . . . . . . . . . . . . . . . 1 Wheel 34 | 1 4 7 3 . . 1 . 4 2 . . . . 9 2 1 . Hover . | . . . . . . . . . . . . . . . . . . Flight 12 | . . . . . . . . . . . . . . 3 . 4 5 Utility 35 | 1 2 3 5 4 . . 2 2 2 1 . 1 1 4 3 3 1 Device 15 | 1 . . 2 3 . . . 1 2 1 . . . 2 . 2 1 Storage 5 | . 1 1 . . . . . . . . . . 1 1 . 1 . Processor 5 | . 1 1 2 . . . 1 . . . . . . . . . . Hackware 3 | . . . . . . . . . . . . . . . 3 . . Protection 7 | . . 1 1 1 . . 1 1 . . . 1 . 1 . . . Artifact . | . . . . . . . . . . . . . . . . . . Weapon 43 | 1 5 6 4 4 7 . . 3 3 . 3 . . 3 . 3 1 Energy Gun 10 | . 1 . 2 3 . . . . 1 . . . . 2 . . 1 Energy Cannon 1 | . . . . . . . . . 1 . . . . . . . . Ballistic Gun 16 | 1 4 5 1 . 4 . . . . . . . . . . 1 . Ballistic Cannon 9 | . . . . 1 2 . . 2 1 . 2 . . 1 . . . Launcher 5 | . . 1 1 . 1 . . 1 . . . . . . . 1 . Special Weapon 1 | . . . . . . . . . . . 1 . . . . . . Impact Weapon . | . . . . . . . . . . . . . . . . . . Slashing Weapon 1 | . . . . . . . . . . . . . . . . 1 . Piercing Weapon . | . . . . . . . . . . . . . . . . . . Special Melee Weapon . | . . . . . . . . . . . . . . . . . . Unidentified Prototypes 13 | . . . . . 5 . . . . . 1 1 1 1 . 3 1 Parts Lost 69 | . 3 1 2 2 1 . . 1 2 3 . . 9 10 3 23 9 Power 6 | . 1 . . . . . . . . 1 . . 1 2 . 1 . Propulsion 28 | . 1 . 1 1 1 . . . . . . . 3 2 1 12 6 Utility 21 | . . 1 . . . . . 1 2 2 . . 2 4 1 7 1 Weapon 14 | . 1 . 1 1 . . . . . . . . 3 2 1 3 2 Highest Loss Streak 22 | . 3 1 1 2 1 . . 1 1 3 . . 5 7 3 22 4 To Critical Strikes 1 | . . . . . . . . . . . . . 1 . . . . Average Backups 22 | 6 20 24 24 24 24 24 22 23 23 23 21 22 21 20 20 17 2 Power 1 | 1 2 2 2 1 1 1 2 2 2 1 1 1 1 . . . . Propulsion 2 | 4 4 3 3 2 1 1 1 1 . . . . . 4 7 6 . Utility 9 | . 7 11 11 11 12 12 10 11 11 9 8 9 8 8 4 3 . Weapon 8 | 1 6 7 8 8 9 9 8 8 9 11 10 10 9 8 8 8 . Tool/Special . | . . . . . . . . . . . . . . . . . . Unused Backups 63 | 3 18 15 10 . . 1 . 4 2 1 . 1 1 . . 7 . Power 12 | 1 2 6 3 . . . . . . . . . . . . . . Propulsion 6 | . 3 . . . . 1 . . . . . . . . . 2 . Utility 25 | 1 7 3 3 . . . . 3 2 1 . 1 1 . . 3 . Weapon 20 | 1 6 6 4 . . . . 1 . . . . . . . 2 . Tool/Special . | . . . . . . . . . . . . . . . . . . Average Slot Usage (%) 93 | . 99 99 99 99 99 97 92 95 99 98 99 86 87 88 74 63 13 Engine 7 | . 13 11 9 7 7 7 5 5 5 4 5 5 4 2 . 2 . Treads 7 | . 14 11 9 7 12 17 11 7 . . . . . . . . . Wheel 17 | . 13 21 18 15 9 2 5 11 30 31 31 31 24 26 34 21 . Device 10 | . 8 . . 14 15 15 11 15 17 22 26 24 16 10 13 10 3 Storage 8 | . 14 11 9 7 7 7 5 5 5 5 5 5 6 9 8 6 . Processor 16 | . 5 20 26 23 23 23 22 23 21 18 15 15 15 12 4 3 . Protection 3 | . . 1 9 7 7 7 10 6 2 . . 1 3 3 . . . Energy Gun 1 | . . . 3 8 1 . . . . . . . . 2 . 3 1 Ballistic Gun 11 | . 27 21 14 4 11 15 16 8 1 . . . . . . 1 . Ballistic Cannon 2 | . . . . . 1 . . 7 10 10 9 1 9 5 3 . . Peak Build Rating 135 | 9 12 19 26 33 41 46 58 82 107 107 106 106 107 128 116 135 57 Average Rating 48 | 7 10 15 25 32 38 42 57 68 99 102 99 86 92 110 112 89 31 On Entrance 56 | 6 9 12 19 26 32 40 46 58 82 107 98 102 106 59 96 114 3 Naked Turns 28 | . . . . . . . . . . . . . . . . 22 6 Heaviest Build 152 | 11 91 101 102 111 111 110 121 121 130 122 127 127 126 152 100 105 7 Greatest Support 128 | 10 20 32 32 20 60 60 28 64 96 96 64 64 64 112 128 128 60 Greatest Overweight (x) 22 | 1 8 4 5 5 5 3 4 7 1 1 1 1 2 22 . 6 2 Average Overweight (x) 2 | . 5 2 3 5 3 2 4 2 1 1 1 1 1 1 . . . Largest Inventory Capacity 25 | 8 25 25 25 25 25 25 25 25 25 25 25 25 25 25 25 25 25 Average Capacity 23 | 8 23 25 25 25 25 25 25 25 25 25 25 25 25 25 25 20 6 Most Carried 25 | 7 25 25 25 25 25 25 24 25 25 25 25 25 25 25 24 25 5 Average Carried 22 | 6 21 24 24 24 24 24 21 24 24 24 23 24 24 22 21 20 3 Final Capacity 25 | 8 25 25 25 25 25 25 25 25 25 25 25 25 25 25 25 5 5 Final Carried 25 | 7 25 24 25 24 25 25 24 25 25 22 25 25 23 25 21 5 1 Class Distribution -------------------- 65% | Mutant 15% | Gunner 8% | Tank 7% | Scavenger-Mutant Dominant Class ---------------- Mutant | -10/Materials Mutant | -9/Materials Mutant | -8/Materials Scavenger-Mutant | -7/Factory Mutant | -7/Storage Mutant | -7/Recycling Gunner | -5/Factory Gunner | -5/DSF Gunner | -4/Factory Gunner | -4/Upper Caves Tank | -4/Upper Caves Mutant | -4/Zhirov Tank | -3/Proximity Caves Gunner | -3/Research Hacker-Mutant | -2/Research Mutant | -2/Testing Mutant | -1/Access Resources | -11 -10 -9 -8 -7 -7 -7 -5 -5 -4 -4 -4 -4 -3 -3 -2 -2 -1 ----------- Run | Yrd Mat Mat Mat Fac Sto Rec Fac DSF Fac Upp Upp Zhi Pro Res Res Tes Acc Matter Collected 6630 | 215 1022 712 836 264 363 246 . 910 345 352 85 150 458 654 12 . 6 Remotely 703 | . . . 49 . . . . . . 183 85 . 334 52 . . . Salvage Created 7121 | 24 846 1177 715 484 704 687 . 550 543 163 293 . 285 604 . 46 . Parts 352 | 2 53 70 36 20 43 26 . 16 11 9 10 . 16 37 . 3 . Haulers Intercepted 3 | . 1 . 1 . 1 . . . . . . . . . . . . Recyclers Shooed 12 | 1 4 1 1 1 . 3 . . . . . . . 1 . . . Parts Field Recycled . | . . . . . . . . . . . . . . . . . . Retrieved Matter . | . . . . . . . . . . . . . . . . . . Parts Self-Destructed 19 | . . . . . . . . . . 6 . . 13 . . . . Prevented 15 | . . . . . . . . . . 3 9 . 3 . . . . Kills | -11 -10 -9 -8 -7 -7 -7 -5 -5 -4 -4 -4 -4 -3 -3 -2 -2 -1 ------- Run | Yrd Mat Mat Mat Fac Sto Rec Fac DSF Fac Upp Upp Zhi Pro Res Res Tes Acc Combat Hostiles Destroyed 137 | . 18 29 12 12 14 3 . 10 9 6 4 . 7 12 . 1 . Guns 85 | . 18 24 12 8 12 3 . 5 1 . . . . 2 . . . Cannons 21 | . . . . 1 2 . . 4 5 5 . . 1 3 . . . AOE 28 | . . 5 . 3 . . . 1 1 1 3 . 6 7 . 1 . Classes Destroyed 16 | 1 6 5 1 . . . . 3 . . . . . . . . . Worker 6 | . . 2 2 . . . . . . . . . . 1 . 1 . Builder 3 | . . 1 . . . 1 . . . . . . . 1 . . . Tunneler 1 | 1 . . . . . . . . . . . . . . . . . Hauler 3 | . 1 . 1 . 1 . . . . . . . . . . . . Recycler 11 | . 1 2 . . . 7 . . . . . . . 1 . . . Operator 6 | . 3 1 1 . . . . . 1 . . . . . . . . Watcher 4 | . 1 3 . . . . . . . . . . . . . . . Swarmer 39 | . 3 11 . 4 4 . . 3 . 4 . . 3 7 . . . Grunt 63 | . 15 10 8 7 7 . . . 9 . 4 . 3 . . . . Brawler 1 | . . 1 . . . . . . . . . . . . . . . Duelist 2 | . . 1 . . . . . . . . . . 1 . . . . Sentry 18 | . . 6 3 1 3 3 . . . . . . . 2 . . . Specialist 3 | . . . . . . . . 3 . . . . . . . . . Hunter 5 | . . . 1 . . . . 1 . 2 . . . 1 . . . Programmer 5 | . . . . . . . . 2 . . . . . 2 . 1 . Heavy 1 | . . . . . . . . 1 . . . . . . . . . Wasp 1 | . . . . . . . . . . . . . . 1 . . . Best Kill Streak 9 | 1 6 9 3 6 6 9 . 3 7 4 4 . 3 5 . 2 . Combat Bots Only 7 | . 5 5 3 6 5 2 . 3 7 4 4 . 3 5 . 1 . Max Kills in Single Turn 4 | 1 1 3 1 2 2 2 . 1 2 1 2 . 3 4 . 1 . Gunslinging 1 | . . 1 . . 1 . . . . . . . . . . . . Exploded 4 | . . 3 . 2 . . . 1 1 1 2 . 3 4 . 1 . Melee . | . . . . . . . . . . . . . . . . . . Uniques/NPCs Destroyed . | . . . . . . . . . . . . . . . . . . Combat | -11 -10 -9 -8 -7 -7 -7 -5 -5 -4 -4 -4 -4 -3 -3 -2 -2 -1 -------- Run | Yrd Mat Mat Mat Fac Sto Rec Fac DSF Fac Upp Upp Zhi Pro Res Res Tes Acc Hostile Shots Fired 1425 | . 93 96 71 77 85 99 . 65 52 87 4 . 155 136 4 220 181 Missed 488 | . 23 32 16 20 41 36 . 20 13 37 3 . 46 49 . 88 64 Hits 937 | . 70 64 55 57 44 63 . 45 39 50 1 . 109 87 4 132 117 Melee 13 | . . 4 . . . . . . . . . . 9 . . . . Projectile 924 | . 70 60 55 57 44 63 . 45 39 50 1 . 100 87 4 132 117 AOE 1 | . . . . . . . . . . . . . . . . . 1 Critical Strikes 42 | . . 3 4 . 1 . . 3 1 . . . 6 6 . 14 4 Actively Blocked 1 | . . . . . . . . . . . . . 1 . . . . Part Disruptions 3 | . . . . . . . . 1 . . . . . . . 2 . Damage Taken 16595 | . 846 761 752 724 430 401 . 952 721 700 9 . 1690 2237 364 3188 2820 Core 4036 | . 147 138 104 64 31 62 . 11 . 83 . . 317 263 4 1198 1614 Absorbed by Shields 440 | . . . . . . . . 53 . 108 3 . 276 . . . . Redirected to Shielding 152 | . . . . . . . . . . . . . 152 . . . . Ignored by Resistances 1105 | . . 40 64 68 38 68 . 65 42 . 5 . 388 327 . . . Regen/Repaired (Parts) 36 | . 36 . . . . . . . . . . . . . . . . Core Remaining (%) 68 | 100 41 65 81 . . 77 . 98 . . . . 57 79 . 17 . Volleys Fired 441 | 5 77 70 54 38 33 23 . 29 22 19 5 . 24 34 1 5 2 Largest 3 | 2 2 2 2 2 2 2 . 3 3 3 1 . 3 3 1 1 1 Hottest 200 | 40 85 58 93 101 93 53 . 119 199 200 40 . 146 182 54 33 . Shots Fired 879 | 10 154 135 105 74 65 45 . 85 54 40 5 . 42 57 1 5 2 Gun 639 | 10 154 129 104 69 58 45 . 49 4 . . . . 16 . 1 . Cannon 192 | . . . . 3 7 . . 34 46 38 1 . 31 31 1 . . Launcher 46 | . . 6 1 2 . . . 2 4 2 4 . 11 10 . 4 . Special 2 | . . . . . . . . . . . . . . . . . 2 Kinetic 729 | 10 146 129 89 24 61 45 . 83 44 33 1 . 31 31 1 1 . Thermal 82 | . 8 . 15 28 4 . . . 6 5 . . . 16 . . . Explosive 31 | . . 6 1 2 . . . 2 . . . . 6 10 . 4 . Electromagnetic 35 | . . . . 20 . . . . 4 2 4 . 5 . . . . Robot Hit Streak 23 | 4 13 18 11 17 22 23 . 16 10 6 3 . 9 14 . 2 . Robot Miss Streak 7 | 1 4 6 2 6 2 1 . 3 3 3 . . 7 3 . 3 . Penetration Max 1 | . . . . 1 . . . . . . . . . . . . . Secondary Targets 11 | . 4 3 . 1 3 . . . . . . . . . . . . Max Gunslinging Chain 1 | . 1 1 . 1 1 . . . . . . . . . . . . Shots Hit Robots 596 | 5 110 91 75 56 53 37 . 54 36 19 2 . 21 33 . 4 . Core Hits 355 | 3 51 52 29 34 31 17 . 20 22 9 10 . 35 36 . 6 . Critical Kills 2 | . 1 . 1 . . . . . . . . . . . . . . Critical Parts Destroyed 5 | 1 1 . 2 1 . . . . . . . . . . . . . Critical Strikes 22 | 1 2 . 3 4 1 . . 6 4 . . . 1 . . . . Burn 4 | . . . . 3 1 . . . . . . . . . . . . Destroy 7 | 1 2 . 3 1 . . . . . . . . . . . . . Blast 11 | . . . . . . . . 6 4 . . . 1 . . . . Melee Attacks 4 | . . . . . . . . . . . . . . . . 4 . Impact . | . . . . . . . . . . . . . . . . . . Slashing 4 | . . . . . . . . . . . . . . . . 4 . Piercing . | . . . . . . . . . . . . . . . . . . Sneak Attacks 1 | . . . . . . . . . . . . . . . . 1 . Combat Hostiles . | . . . . . . . . . . . . . . . . . . Follow-up Attacks . | . . . . . . . . . . . . . . . . . . Damage Inflicted 16441 | 37 965 2085 1349 1207 1039 727 . 1374 1717 619 657 . 2145 1956 . 553 11 Guns 7339 | 37 965 1465 1309 875 870 727 . 620 50 . . . . 421 . . . Cannons 3713 | . . . . 86 169 . . 575 1040 518 . . 689 636 . . . Explosions 5216 | . . 620 40 246 . . . 179 627 101 657 . 1456 899 . 391 . Melee 157 | . . . . . . . . . . . . . . . . 157 . Ramming 16 | . . . . . . . . . . . . . . . . 5 11 Kinetic 9519 | 37 851 1465 1198 436 982 727 . 1195 933 370 . . 689 636 . . . Thermal 1820 | . 114 . 111 291 57 . . . 157 148 216 . 305 421 . . . Explosive 3228 | . . 620 40 213 . . . 179 . . . . 886 899 . 391 . Electromagnetic 1701 | . . . . 267 . . . . 627 101 441 . 265 . . . . Impact . | . . . . . . . . . . . . . . . . . . Slashing 157 | . . . . . . . . . . . . . . . . 157 . Piercing . | . . . . . . . . . . . . . . . . . . Highest Corruption 25 | . . . . . 3 3 . 4 1 1 1 1 5 2 . 25 . Average Corruption 2 | . . . . . 2 3 . 2 1 1 1 1 2 1 . 17 . Corruption Purged . | . . . . . . . . . . . . . . . . . . Corruption Blocked . | . . . . . . . . . . . . . . . . . . Effects 48 | . . . . . 1 13 . 4 2 5 3 2 11 . . 7 . Message Errors 10 | . . . . . . 5 . 2 1 . 1 . 1 . . . . Matter Fused 10 | . . . . . 1 2 . . 1 2 . 1 2 . . 1 . Heat Flow Errors 5 | . . . . . . 3 . . . . 1 . 1 . . . . Energy Discharges 7 | . . . . . . . . 1 . 1 1 1 2 . . 1 . Parts Rejected 2 | . . . . . . . . . . . . . 2 . . . . Data Loss (minor) 7 | . . . . . . 2 . 1 . 1 . . 1 . . 2 . Data Loss (major) 1 | . . . . . . . . . . . . . 1 . . . . Misfires 1 | . . . . . . 1 . . . . . . . . . . . Alerts 1 | . . . . . . . . . . . . . . . . 1 . Misdirections 2 | . . . . . . . . . . . . . . . . 2 . Weapon Failures 2 | . . . . . . . . . . 1 . . 1 . . . . Overload Shots . | . . . . . . . . . . . . . . . . . . Overflow Damage 350 | . . 10 . . . . . 34 77 20 . . 72 72 . 65 . Projectiles 124 | . . . . . . . . 34 25 20 . . 45 . . . . Explosions 161 | . . 10 . . . . . . 52 . . . 27 72 . . . Melee 65 | . . . . . . . . . . . . . . . . 65 . Knockbacks 28 | . . . . . . . . 5 7 3 . . 9 4 . . . Impact . | . . . . . . . . . . . . . . . . . . Kinetic 28 | . . . . . . . . 5 7 3 . . 9 4 . . . Secondary . | . . . . . . . . . . . . . . . . . . Self-Inflicted Damage 469 | . . . . 93 . . . 22 . . . . 172 176 . 2 4 Shots 11 | . . . . 1 . . . 2 . . . . 5 3 . . . Rammed 7 | . . . . . . . . . . . . . . . . 3 4 Targets Rammed 8 | . . . . . . . . . . . . . . . . 3 5 Kicked 1 | . . . . . . . . . . . . . . . . . 1 Crushed . | . . . . . . . . . . . . . . . . . . Highest Temperature 434 | . 270 38 222 211 74 162 . . 434 258 54 . 200 240 . . 25 Average Temperature 78 | . 57 10 66 68 24 47 . . 199 165 54 . 113 111 . . 25 Received Heat Transfer 2789 | . 453 198 387 246 189 126 . . 156 . . . 359 54 . 189 432 Effects 4 | . . . . . . . . . 4 . . . . . . . . Energy Bleed 1 | . . . . . . . . . 1 . . . . . . . . Damage (major) 3 | . . . . . . . . . 3 . . . . . . . . Siege Activations . | . . . . . . . . . . . . . . . . . . Martial Activations . | . . . . . . . . . . . . . . . . . . Shielding Activations . | . . . . . . . . . . . . . . . . . . Robots Disrupted . | . . . . . . . . . . . . . . . . . . Combat Hostiles . | . . . . . . . . . . . . . . . . . . Robots Corrupted 3 | . . . . . . . . . 2 . 1 . . . . . . Combat Hostiles 3 | . . . . . . . . . 2 . 1 . . . . . . Parts Fried 4 | . . . . . . . . . 2 . 2 . . . . . . Impact Corruptions . | . . . . . . . . . . . . . . . . . . Robots Melted . | . . . . . . . . . . . . . . . . . . Combat Hostiles . | . . . . . . . . . . . . . . . . . . Parts Melted 1 | . . . 1 . . . . . . . . . . . . . . Heat Transferred 2866 | . 259 . 259 925 222 . . . 185 148 150 . 200 518 . . . Parts Sabotaged . | . . . . . . . . . . . . . . . . . . Parts Stolen . | . . . . . . . . . . . . . . . . . . Parts Stripped . | . . . . . . . . . . . . . . . . . . Power Chain Reactions 3 | . . . . . . . . . . . 1 . 2 . . . . Alert | -11 -10 -9 -8 -7 -7 -7 -5 -5 -4 -4 -4 -4 -3 -3 -2 -2 -1 ------- Run | Yrd Mat Mat Mat Fac Sto Rec Fac DSF Fac Upp Upp Zhi Pro Res Res Tes Acc Maximum Alert Level 2 | . . 2 1 1 1 . 1 2 1 . . . . 2 1 1 1 Low Security (%) 67 | 100 100 67 58 58 59 100 . 33 16 . . . . . 4 98 71 Level 1 26 | . . 6 41 41 40 . 100 64 83 . . . . 72 95 1 28 Level 2 5 | . . 26 . . . . . 2 . . . . . 27 . . . Level 3 . | . . . . . . . . . . . . . . . . . . Level 4 . | . . . . . . . . . . . . . . . . . . Level 5 . | . . . . . . . . . . . . . . . . . . High Security . | . . . . . . . . . . . . . . . . . . Max Security . | . . . . . . . . . . . . . . . . . . Sterilizations 1 | . . . . . . . . 1 . . . . . . . . . Peak Influence 521 | 5 196 521 249 307 312 112 300 430 341 . . . . 491 244 200 275 Initial 300 | . . 44 209 91 134 112 300 171 225 . . . . 213 224 110 . Average 154 | . 73 187 182 179 188 29 272 252 267 . . . . 356 228 72 108 Influence Increases 5593 | 5 497 898 422 406 388 180 305 269 248 140 105 . 660 492 33 215 330 Destroy 0b10 Robot/C 2740 | . 360 580 240 240 280 60 . 200 180 120 80 . 140 240 . 20 . Destroy 0b10 Robot/NC 170 | 5 30 45 20 . 5 40 . . 5 . . . . 15 . 5 . Destroy Leader 574 | . 74 156 72 40 72 . . 30 20 20 10 . 10 60 . 10 . Successful Hack 178 | . 18 33 22 . . 65 5 . 5 . . . . . 30 . . Disable Machine 210 | . . 15 30 60 15 15 . 15 . . . . . 15 . 45 . Destroy Structure 401 | . . 39 8 36 1 . . 24 38 . . . . 162 3 90 . Advance Influence 300 | . . . . . . . 300 . . . . . . . . . . Partial Spotted 15 | . . . . . . . . . . . . . . . . . 15 Lose Combat Pursuer 1005 | . 15 30 30 30 15 . . . . . 15 . 510 . . 45 315 Influence Decreases 5373 | 5 390 508 718 310 395 470 60 84 415 278 145 85 344 409 235 412 110 Entered New Map 1654 | . . 63 288 110 163 178 . 74 205 98 25 85 . 103 175 87 . Time Decay 3089 | 5 360 435 410 180 222 292 60 . 190 150 120 . 254 206 30 115 60 Lost Part 630 | . 30 10 20 20 10 . . 10 20 30 . . 90 100 30 210 50 Squads Dispatched 37 | . 4 4 4 4 3 . . 2 7 . . . 1 2 1 2 3 Investigation 17 | . 2 1 3 2 2 . . . 4 . . . . . 1 . 2 Extermination 5 | . . . . 1 . . . . 1 . . . . 1 . 1 1 Reinforcement 14 | . 2 3 1 1 1 . . 2 2 . . . . 1 . 1 . Assault 1 | . . . . . . . . . . . . . 1 . . . . Garrison . | . . . . . . . . . . . . . . . . . . Intercept . | . . . . . . . . . . . . . . . . . . Searches Triggered . | . . . . . . . . . . . . . . . . . . Construction Impeded 1 | . . . . . . . . . 1 . . . . . . . . Haulers Reinforced 2 | . . . . 1 . . . . 1 . . . . . . . . Active Scanning Responses . | . . . . . . . . . . . . . . . . . . Cargo Convoy Interrupts . | . . . . . . . . . . . . . . . . . . Stealth | -11 -10 -9 -8 -7 -7 -7 -5 -5 -4 -4 -4 -4 -3 -3 -2 -2 -1 --------- Run | Yrd Mat Mat Mat Fac Sto Rec Fac DSF Fac Upp Upp Zhi Pro Res Res Tes Acc Distress Signals 15 | . 3 7 1 . 1 . . . 1 . . . . . . 1 1 Communications Jammed . | . . . . . . . . . . . . . . . . . . Distress Signals . | . . . . . . . . . . . . . . . . . . Times Spotted 285 | . 31 46 17 14 18 3 . 11 11 5 5 . 51 27 . 17 29 Peak Tracking Total 18 | . 5 5 3 4 6 2 . 3 7 3 4 . 9 10 2 15 18 Tactical Retreats 27 | . 1 2 1 2 1 . . . . . 1 . 13 . . 2 4 Traps | -11 -10 -9 -8 -7 -7 -7 -5 -5 -4 -4 -4 -4 -3 -3 -2 -2 -1 ------- Run | Yrd Mat Mat Mat Fac Sto Rec Fac DSF Fac Upp Upp Zhi Pro Res Res Tes Acc Traps Triggered 10 | . 1 1 . 1 3 . . 2 . . . . . . . 1 1 Indirectly . | . . . . . . . . . . . . . . . . . . Trap Hack Attempts . | . . . . . . . . . . . . . . . . . . Triggered . | . . . . . . . . . . . . . . . . . . Disarmed . | . . . . . . . . . . . . . . . . . . Reprogrammed . | . . . . . . . . . . . . . . . . . . Reused . | . . . . . . . . . . . . . . . . . . Traps Extracted . | . . . . . . . . . . . . . . . . . . Installed . | . . . . . . . . . . . . . . . . . . Triggered . | . . . . . . . . . . . . . . . . . . Machines | -11 -10 -9 -8 -7 -7 -7 -5 -5 -4 -4 -4 -4 -3 -3 -2 -2 -1 ---------- Run | Yrd Mat Mat Mat Fac Sto Rec Fac DSF Fac Upp Upp Zhi Pro Res Res Tes Acc Machines Disabled 15 | . . 1 2 4 1 1 . 1 . . 1 . . 1 . 3 . Max in Single Turn 4 | . . 1 1 4 1 1 . 1 . . 1 . . 1 . 1 . Machines Repaired . | . . . . . . . . . . . . . . . . . . Machines Dismantled . | . . . . . . . . . . . . . . . . . . Machines Sabotaged . | . . . . . . . . . . . . . . . . . . Overloaded Fab Kills . | . . . . . . . . . . . . . . . . . . Hacking | -11 -10 -9 -8 -7 -7 -7 -5 -5 -4 -4 -4 -4 -3 -3 -2 -2 -1 --------- Run | Yrd Mat Mat Mat Fac Sto Rec Fac DSF Fac Upp Upp Zhi Pro Res Res Tes Acc Machines Accessed 46 | . 7 7 6 1 3 7 1 . 4 . . 5 . . 1 1 3 Terminals 36 | . 6 6 5 1 3 6 1 . 4 . . . . . 1 . 3 Fabricators 1 | . . . . . . . . . . . . . . . . 1 . Repair Stations 1 | . 1 . . . . . . . . . . . . . . . . Recycling Units 1 | . . . . . . 1 . . . . . . . . . . . Scanalyzers 2 | . . 1 1 . . . . . . . . . . . . . . Garrison Access . | . . . . . . . . . . . . . . . . . . Total Hacks 148 | . 21 23 21 3 8 30 1 . 12 . . 18 . . 4 1 6 Successful 80 | . 12 16 12 2 1 13 1 . 3 . . 18 . . 2 . . Failed 65 | . 8 6 8 1 7 17 . . 9 . . . . . 2 1 6 Catastrophic 14 | . . 1 1 . 3 2 . . 5 . . . . . . . 2 Database Lockouts 3 | . 1 1 1 . . . . . . . . . . . . . . Manual 62 | . 16 12 10 2 6 7 . . 7 . 1 . . . 1 . . Terminals 110 | . 19 14 16 3 8 27 1 . 12 . . . . . 4 . 6 Fabricators 1 | . . . . . . . . . . . . . . . . 1 . Repair Stations 2 | . 2 . . . . . . . . . . . . . . . . Recycling Units 3 | . . . . . . 3 . . . . . . . . . . . Scanalyzers 14 | . . 9 5 . . . . . . . . . . . . . . Garrison Access . | . . . . . . . . . . . . . . . . . . Terminal Hacks 46 | . 5 5 5 1 . 7 1 . 2 . . 18 . . 2 . . Record 8 | . . . . . . . . . 1 . . 6 . . 1 . . Part Schematic 7 | . . . . . . 3 . . . . . 4 . . . . . Robot Analysis 11 | . 2 2 1 . . 2 . . . . . 4 . . . . . Prototype ID Bank 6 | . . 1 1 . . . . . . . . 4 . . . . . Open DSF 1 | . . . . . . . 1 . . . . . . . . . . Branch Access Points 2 | . . . 1 . . 1 . . . . . . . . . . . Machine Index 1 | . . . . . . . . . . . . . . . 1 . . Terminal Index 2 | . . 1 . . . 1 . . . . . . . . . . . Alert Level 1 | . . . . 1 . . . . . . . . . . . . . Locate Traps 7 | . 3 1 2 . . . . . 1 . . . . . . . . Fabricator Hacks . | . . . . . . . . . . . . . . . . . . Repair Station Hacks 2 | . 2 . . . . . . . . . . . . . . . . Scan Component 1 | . 1 . . . . . . . . . . . . . . . . Repair 1 | . 1 . . . . . . . . . . . . . . . . Recycling Unit Hacks 3 | . . . . . . 3 . . . . . . . . . . . Process 1 | . . . . . . 1 . . . . . . . . . . . Report Inventory 1 | . . . . . . 1 . . . . . . . . . . . Retrieve Matter 1 | . . . . . . 1 . . . . . . . . . . . Scanalyzer 12 | . . 8 4 . . . . . . . . . . . . . . Insert Component 6 | . . 4 2 . . . . . . . . . . . . . . Analyze 6 | . . 4 2 . . . . . . . . . . . . . . Garrison Access Hacks . | . . . . . . . . . . . . . . . . . . Unauthorized Hacks 17 | . 5 3 3 1 1 3 . . 1 . . . . . . . . Terminals 17 | . 5 3 3 1 1 3 . . 1 . . . . . . . . Botnet 17 | . 5 3 3 1 1 3 . . 1 . . . . . . . . Fabricators . | . . . . . . . . . . . . . . . . . . Repair Stations . | . . . . . . . . . . . . . . . . . . Recycling Units . | . . . . . . . . . . . . . . . . . . Scanalyzers . | . . . . . . . . . . . . . . . . . . Garrison Access . | . . . . . . . . . . . . . . . . . . Data Cores Recovered 2 | . 1 . . . . . . . 1 . . . . . . . . Used 1 | . 1 . . . . . . . . . . . . . . . . Hacking Detections 34 | . 6 6 4 1 3 6 . . 4 . . . . . 1 . 3 Full Trace Events 25 | . 2 4 3 1 2 6 . . 4 . . . . . 1 . 2 Feedback Events 1 | . . . . . . . . . 1 . . . . . . . . Corruption 1 | . . . . . . . . . 1 . . . . . . . . Feedback Blocked . | . . . . . . . . . . . . . . . . . . Robot Schematics Acquired . | . . . . . . . . . . . . . . . . . . Robots Built . | . . . . . . . . . . . . . . . . . . Authchips . | . . . . . . . . . . . . . . . . . . Time . | . . . . . . . . . . . . . . . . . . Total Robot Build Rating . | . . . . . . . . . . . . . . . . . . Part Schematics Acquired 12 | . . 3 2 . . 3 . . . . . 4 . . . . . Parts Built . | . . . . . . . . . . . . . . . . . . Authchips . | . . . . . . . . . . . . . . . . . . Time . | . . . . . . . . . . . . . . . . . . Total Part Build Rating . | . . . . . . . . . . . . . . . . . . Parts Repaired 1 | . 1 . . . . . . . . . . . . . . . . Time 26 | . 26 . . . . . . . . . . . . . . . . Parts Recycled . | . . . . . . . . . . . . . . . . . . Recycled Matter 8 | . . . . . . 8 . . . . . . . . . . . Retrieved Matter 8 | . . . . . . 8 . . . . . . . . . . . Retrieved Components . | . . . . . . . . . . . . . . . . . . Parts Scanalyzed 6 | . . 4 2 . . . . . . . . . . . . . . Part Schematics Acquired 5 | . . 3 2 . . . . . . . . . . . . . . Parts Damaged . | . . . . . . . . . . . . . . . . . . Bothacking | -11 -10 -9 -8 -7 -7 -7 -5 -5 -4 -4 -4 -4 -3 -3 -2 -2 -1 ------------ Run | Yrd Mat Mat Mat Fac Sto Rec Fac DSF Fac Upp Upp Zhi Pro Res Res Tes Acc Used RIF Installer . | . . . . . . . . . . . . . . . . . . Robots Hacked . | . . . . . . . . . . . . . . . . . . Non-combat . | . . . . . . . . . . . . . . . . . . Combat . | . . . . . . . . . . . . . . . . . . Robot Hacks Applied . | . . . . . . . . . . . . . . . . . . Relay Couplers Released . | . . . . . . . . . . . . . . . . . . Fabnet Peak Effective % . | . . . . . . . . . . . . . . . . . . Robots Rewired . | . . . . . . . . . . . . . . . . . . Allies Hacked . | . . . . . . . . . . . . . . . . . . Hacks Repelled . | . . . . . . . . . . . . . . . . . . Allies | -11 -10 -9 -8 -7 -7 -7 -5 -5 -4 -4 -4 -4 -3 -3 -2 -2 -1 -------- Run | Yrd Mat Mat Mat Fac Sto Rec Fac DSF Fac Upp Upp Zhi Pro Res Res Tes Acc Total Allies . | . . . . . . . . . . . . . . . . . . Largest Group . | . . . . . . . . . . . . . . . . . . Highest-Rated Group . | . . . . . . . . . . . . . . . . . . Highest-Rated Ally . | . . . . . . . . . . . . . . . . . . Initial Warlord ECA Mod 67 | . . . . . . . . . 9 9 9 9 8 8 6 5 4 Warlord Squad Rendezvous 2 | . . . . . . . . . . . . . . 1 1 . . Dakka 1 | . . . . . . . . . . . . . . 1 . . . Infantry 1 | . . . . . . . . . . . . . . . 1 . . Total Orders . | . . . . . . . . . . . . . . . . . . Ally Attacks . | . . . . . . . . . . . . . . . . . . Total Damage . | . . . . . . . . . . . . . . . . . . Kills . | . . . . . . . . . . . . . . . . . . Allies Corrupted . | . . . . . . . . . . . . . . . . . . Allies Melted . | . . . . . . . . . . . . . . . . . . Intel | -11 -10 -9 -8 -7 -7 -7 -5 -5 -4 -4 -4 -4 -3 -3 -2 -2 -1 ------- Run | Yrd Mat Mat Mat Fac Sto Rec Fac DSF Fac Upp Upp Zhi Pro Res Res Tes Acc Active Infowar (turns) 5782 | 21 824 . 992 366 467 817 127 218 389 309 247 171 316 383 . 135 . Optics 4802 | . . . 992 366 467 817 127 218 389 309 247 171 316 383 . . . Sensors 135 | . . . . . . . . . . . . . . . . 135 . Terrain 845 | 21 824 . . . . . . . . . . . . . . . . Jamming 1 | . . . . . . . . . . . . . . . . 1 . Robot Analysis Total 11 | . 2 2 1 . . 2 . . . . . 4 . . . . . Derelict Logs Recovered 1 | . . . . . . . . . . . 1 . . . . . . Drone Launches . | . . . . . . . . . . . . . . . . . . Drone Recoveries . | . . . . . . . . . . . . . . . . . . Exploration | -11 -10 -9 -8 -7 -7 -7 -5 -5 -4 -4 -4 -4 -3 -3 -2 -2 -1 ------------- Run | Yrd Mat Mat Mat Fac Sto Rec Fac DSF Fac Upp Upp Zhi Pro Res Res Tes Acc Turns Passed 8461 | 52 1426 1102 992 366 467 817 127 218 389 319 247 171 744 424 71 290 239 Spaces Moved 4784 | 37 615 552 528 141 190 397 75 88 269 189 168 148 561 236 70 262 258 Core 117 | . . . . . . . . . . . . . . . . 56 61 Treads 304 | . 52 1 . . 58 193 . . . . . . . . . . . Legs 4 | . . . . . . . . . . . . . . . . . 4 Wheels 4118 | 37 563 551 528 141 132 204 75 88 269 189 168 148 561 235 70 159 . Hover . | . . . . . . . . . . . . . . . . . . Flight 241 | . . . . . . . . . . . . . . 1 . 47 193 Fastest Speed 31 | 80 80 130 135 155 155 145 160 110 110 110 110 110 110 90 90 31 34 Average Speed 134 | 88 177 136 146 155 180 191 160 139 110 110 110 110 117 121 90 88 44 Slowest Speed 1810 | 95 200 480 155 155 240 240 160 230 110 110 110 110 130 1810 90 350 150 Overloaded Moves . | . . . . . . . . . . . . . . . . . . Propulsion Burnouts . | . . . . . . . . . . . . . . . . . . Robots Hopped 5 | . . . . . . . . . . . . . . . . . 5 Potential Cave-ins 3 | . . . . . . . . . . . . . . 3 . . . Cave-ins Triggered . | . . . . . . . . . . . . . . . . . . Teleports 1 | . . . . . . . . . . . . . 1 . . . . Exploration Rate (%) 40 | 3 97 53 45 5 36 92 2 86 10 47 36 62 81 10 3 44 12 Regions Visited 17 Branch Regions 7 Pre-discovered Areas 4 | . . . . . . . . . . 1 . 3 . . . . . Known Exits Taken 12 | . 1 1 1 1 1 1 1 . 1 1 1 1 . 1 . . . Unknown Exits Taken 4 | 1 . . . . . . . . . . . . 1 . 1 1 . Scrap Searched 6 | . . . . . . . . . . 2 1 . 3 . . . . Spaces Dug 78 | . . 16 . . . . . . 1 . . . 2 55 1 3 . Terrain Destroyed 393 | . . 38 6 39 . . . 14 18 15 21 . 73 120 1 48 . Melee 2 | . . . . . . . . . . . . . . . . 2 . Projectile 69 | . . . . . . . . 6 18 15 . . 13 15 1 1 . AOE 322 | . . 38 6 39 . . . 8 . . 21 . 60 105 . 45 . Terrain Rammed . | . . . . . . . . . . . . . . . . . . Walls Destroyed . | . . . . . . . . . . . . . . . . . . Machines Disabled . | . . . . . . . . . . . . . . . . . . Actions | -11 -10 -9 -8 -7 -7 -7 -5 -5 -4 -4 -4 -4 -3 -3 -2 -2 -1 --------- Run | Yrd Mat Mat Mat Fac Sto Rec Fac DSF Fac Upp Upp Zhi Pro Res Res Tes Acc Total 6176 | 46 836 801 675 226 270 436 82 150 326 269 227 158 604 322 76 302 370 Wait 408 | . 49 98 21 30 18 . . . 10 49 42 . 11 1 . . 79 Move 4761 | 36 614 551 527 140 189 396 75 87 268 188 167 147 560 235 69 262 250 Hop 3 | . . . . . . . . . . . . . . . . . 3 Pick Up 160 | 1 41 25 25 4 7 5 3 12 7 4 5 2 1 11 1 6 . Fast Attach 37 | 1 3 . . . 1 1 . 4 1 . 1 3 2 9 . 4 7 Attach 60 | . 4 4 4 4 1 . 4 3 4 3 2 . 3 9 5 6 4 Detach 10 | . . . . . 1 . . . . . . . 1 5 . 1 2 Swap 114 | 3 20 23 16 9 13 2 . 3 8 2 . 1 1 9 . 4 . Drop 153 | . 28 30 28 1 7 9 . 12 6 4 5 5 1 9 . 8 . Fire 441 | 5 77 70 54 38 33 23 . 29 22 19 5 . 24 34 1 5 2 Melee 4 | . . . . . . . . . . . . . . . . 4 . Ram 6 | . . . . . . . . . . . . . . . . 2 4 Kick 1 | . . . . . . . . . . . . . . . . . 1 Crush . | . . . . . . . . . . . . . . . . . . Escape Stasis 18 | . . . . . . . . . . . . . . . . . 18 Rewire . | . . . . . . . . . . . . . . . . . . Trap . | . . . . . . . . . . . . . . . . . . Miscellaneous . | . . . . . . . . . . . . . . . . . . Route ------- -11/Scrapyard -10/Materials (discovered 4 exits: *Mat x3 / [*Min]) -9/Materials (discovered 2 exits: *Mat / [*Min]) -8/Materials -7/Factory -7/Storage -7/Recycling -5/Factory -5/DSF -4/Factory -4/Upper Caves -4/Upper Caves -4/Zhirov -3/Proximity Caves -3/Research (discovered 2 exits: *Res x2) -2/Research -2/Testing -1/Access History --------- Turn | Location | Event 6 | -11/Scrapyard | Discovered new exit (range 3) 53 | -11/Scrapyard | Entered Materials 122 | -10/Materials | Discovered new exit (range 16) 304 | -10/Materials | Build established: Mutant 505 | -10/Materials | Repaired Wheel 714 | -10/Materials | Discovered new exit (range 16) 868 | -10/Materials | Central database locked down 1043 | -10/Materials | Core integrity fell below 50% 1089 | -10/Materials | Lost 3 parts (1p1n1w) 1280 | -10/Materials | Discovered new exit (range 5) 1350 | -10/Materials | Discovered new exit (range 8) 1477 | -10/Materials | Identified exit to Materials 1479 | -10/Materials | Entered another Materials area 1479 | -9/Materials | Evolved 2 slots: Propulsion x1, Utility x1 2322 | -9/Materials | Discovered new exit (range 3) 2324 | -9/Materials | Identified exit to Materials 2435 | -9/Materials | Discovered new exit (range 10) 2570 | -9/Materials | Central database locked down 2581 | -9/Materials | Entered another Materials area 2581 | -8/Materials | Evolved 2 slots: Utility x2 3194 | -8/Materials | Central database locked down 3568 | -8/Materials | Discovered new exit (range 4) 3571 | -8/Materials | Identified exit to Factory 3573 | -8/Materials | Entered Factory 3573 | -7/Factory | Evolved 2 slots: Utility x2 3633 | -7/Factory | Build established: Scavenger-Mutant 3907 | -7/Factory | Discovered new exit (range 12) 3937 | -7/Factory | Identified exit to Storage 3939 | -7/Factory | Entered Storage 4325 | -7/Storage | Build established: Mutant 4396 | -7/Storage | Used back door to open Recycling access 4396 | -7/Storage | Discovered new exit (range 5) 4403 | -7/Storage | Identified exit to Recycling 4406 | -7/Storage | Entered Recycling 5020 | -7/Recycling | Discovered new exit (range 9) 5222 | -7/Recycling | Identified exit to Factory 5223 | -7/Recycling | Entered Factory 5223 | -5/Factory | Evolved 4 slots: Propulsion x1, Utility x2, Weapon x1 5350 | -5/Factory | Identified exit to DSF 5350 | -5/Factory | Entered DSF 5365 | -5/DSF | Additional patrols routed to DSF 5507 | -5/DSF | Discovered new exit (range 17) 5532 | -5/DSF | Build established: Gunner 5547 | -5/DSF | Identified exit to Factory 5559 | -5/DSF | Sterilization system engaged 5568 | -5/DSF | Entered Factory 5568 | -4/Factory | Evolved 2 slots: Propulsion x2 5746 | -4/Factory | Destroyed 7 combat bots 5950 | -4/Factory | Discovered new exit (range 5) 5954 | -4/Factory | Identified exit to Upper Caves 5957 | -4/Factory | Entered Upper Caves 6030 | -4/Upper Caves | Met a Warlord Commander 6032 | -4/Upper Caves | Warlord Commander delivered Encrypted Comm Array 6032 | -4/Upper Caves | Found Encrypted Comm Array 6220 | -4/Upper Caves | Lost 3 parts (1p2u) 6267 | -4/Upper Caves | Discovered new exit (range 9) 6275 | -4/Upper Caves | Identified exit to Upper Caves 6276 | -4/Upper Caves | Entered another Upper Caves area 6287 | -4/Upper Caves | Learned location of 1 exit from Research 6428 | -4/Upper Caves | Acquired the password to a Derelict Tinkerer's latest research 6438 | -4/Upper Caves | Found Prototype Special Weapon 6438 | -4/Upper Caves | Identified Molecular Deconstructor 6466 | -4/Upper Caves | Build established: Tank 6513 | -4/Upper Caves | Discovered new exit (range 9) 6522 | -4/Upper Caves | Identified exit to Zhirov 6523 | -4/Upper Caves | Entered Zhirov 6523 | -4/Zhirov | Discovered new exit (range 3) 6526 | -4/Zhirov | Identified exit to Proximity Caves 6545 | -4/Zhirov | Met Zhirov 6570 | -4/Zhirov | Learned location of Quarantine (-3) 6570 | -4/Zhirov | Learned location of Testing (-2) 6570 | -4/Zhirov | Learned location of Command (-1) 6589 | -4/Zhirov | Zhirov requested help retrieving the SGEMP Prototype 6618 | -4/Zhirov | Found Alien Artifact 6694 | -4/Zhirov | Entered Proximity Caves 7125 | -3/Proximity Caves | Attracted the attention of an 0b10 outpost 7153 | -3/Proximity Caves | Identified Transdimensional Reconstructor 7153 | -3/Proximity Caves | Warped through subspace 7182 | -3/Proximity Caves | Lost 5 parts (3n2u) 7206 | -3/Proximity Caves | Spotted B-86 Titan 7427 | -3/Proximity Caves | Discovered new exit (range 11) 7438 | -3/Proximity Caves | Entered Research 7438 | -3/Research | Evolved 2 slots: Power x1, Propulsion x1 7439 | -3/Research | Identified exit to Research 7455 | -3/Research | Lost 3 parts (1p2w) 7674 | -3/Research | Joined by Warlord Dakka squad 7755 | -3/Research | P-80 Master assimilated allied XK-VZ7(s) 7829 | -3/Research | Discovered exit to Research (range 14) 7862 | -3/Research | Entered another Research area 7862 | -2/Research | Evolved 2 slots: Propulsion x1, Utility x1 7892 | -2/Research | Lost 7 parts (2p3u2w) 7919 | -2/Research | Joined by Warlord Infantry squad 7919 | -2/Research | Discovered new exit (range 9) 7931 | -2/Research | Found Gamma Bomb Array 7933 | -2/Research | Entered Testing 7961 | -2/Testing | Lost 3 parts (1n1u1w) 8032 | -2/Testing | Found Prototype Launcher 8033 | -2/Testing | Identified Ragnarok Missile Launcher 8070 | -2/Testing | Found Prototype Launcher 8070 | -2/Testing | Identified Adv. Micro-nuke Launcher 8105 | -2/Testing | System corruption reached 10% 8131 | -2/Testing | Spotted PL-IY3AE0205L 8197 | -2/Testing | Core integrity fell below 50% 8214 | -2/Testing | Lost 22 parts (1p12n7u2w) 8219 | -2/Testing | Discovered new exit (range 9) 8223 | -2/Testing | Entered Access 8223 | -1/Access | Evolved 2 slots: Propulsion x2 8311 | -1/Access | Spotted B-99 Colossus 8344 | -1/Access | Lost 4 parts (3n1w) 8417 | -1/Access | Core integrity fell below 50% 8454 | -1/Access | Core integrity fell below 20% 8458 | -1/Access | Build established: Mutant 8462 | -1/Access | Destroyed by G-73 Enforcer with Phase Gun Last Messages --------------- 08366_ Entropy package melds with Sealed Barrier. 08371_ Reinforced Barrier disintegrates. 08373_ Wall disintegrates. 08376_ Connecting with Terminal... 08376_ ALERT: Suspicious activity at Terminal A004. Dispatching Investigation squad. 08395_ Entropy package melds with Sealed Barrier. 08395_ Terminal disabled. 08401_ Faulty Imp. Q-thruster destroyed. 08402_ Wall disintegrates. 08409_ Molecular Deconstructor destroyed. 08413_ Slammed into G-73 Enforcer. 08414_ Destabilizing: Core damaged (-80). 08434_ ALERT: Potential suspicious activity detected, Programmers report to Access Zone 8V. 08440_ ALERT: Security rotation in progress. 08442_ Kicked G-73 Enforcer. 08443_ Hvy. Shield Leg destroyed. 08444_ Slammed into G-73 Enforcer. 08461_ Adv. Cryofiber Web destroyed. Map ----- +----------------------------------------------------+ | ?????????????????????????????????????????????????? | | ?????????????????????????????????????????????????? | | ?????????????????????????????????????????????????? | | ?????????????????????????????????????????????????? | | ?????????????????????????????????????????????????? | | ?????????????????????????????????????????????????? | | ?????????????????????????????????????????????????? | | ?????????????????????????????????????????????????? | | ?????????????????????????????????????????????????? | | ?????????????????????????????????????????????????? | | ?????????????????????????????????????????????????? | | ?????????????????????????????????????????????????? | | ?????????????????????????????????????????????????? | | ?????????????????????????????????????????????????? | | ?????????????????????????????????????????????????? | | ?????????????????????????????????????????????????? | | ?????????????????????????????????????????????????? | | ?????????????????????????????????????????????????? | | ?????????????????????????????????????????????????? | | ?????????????????????????????????????????????????? | | ?????????????????????????????????????????????????? | | ?????????????????????????????????????????????????? | | ?????????????????????????????????????????????????? | | ?????????????????????????????????????????????????? | | ????????????????????????#"""""#??????????????????? | | ????????????????????????#@ #??????????????????? | | ????????????????????????##ggg##??????????????????? | | ?????????????????????????#gg #???????????????????? | | ?????????????????????????# #???????????????????? | | ?????????????????????##### #???????????????????? | | ?????????????????????# #???????????????????? | | ?????????????????????# #???????????????????? | | ?????????????????????# #???????????????????? | | ?????????????????????# #####???????????????????? | | ?????????????????????#""##???????????????????????? | | ?????????????????????# T#???????????????????????? | | ?????????????????????# ###############??????????? | | ?????????????????????# # / ! #?????????? | | ?????????????????????# # #?????????? | | ?????????????????????# + #?????????? | | ?????????????????????# # #?????????? | | ?????????????????????# # ""T"" #?????????? | | ?????????????????????# #? """"" ??????????? | | ?????????????????????# #?#####??????????????????? | | ?????????????######### #????????????????????????? | | ?????????????# # #????????????????????????? | | ?????????????# # #????????????????????????? | | ?????????????# # ########?????????????????? | | ?????????????# ! # #######???????????? | | ?????????????# # ????? | +----------------------------------------------------+ Best States ------------- Heat Dissipation 68 Energy Generation 37 Energy Capacity 745 Matter Stores 300 Matter Capacity 300 Sight Range 18 Robot Scan Range 15 Terrain Scan Range 16 Terrain Scan Density 10 Base Temperature (-) 200 EM Shielding 2 Armor Coverage 600 Resistance: KI 30 Resistance: TH 25 Utility Shielding 90 Weapon Cycling 15 Evasion (%) 63 Targeting Accuracy 6 Armor Integrity Analysis 30 Recoil Reduction 3 Offensive Hacking 36 Item Schematics ----------------- Reactive Plating | -9/Materials | Scanalyzed Huge Storage Unit | -9/Materials | Scanalyzed Com. Wheel | -9/Materials | Scanalyzed Hpw. Tractor Beam | -8/Materials | Scanalyzed Hacking Suite | -8/Materials | Scanalyzed Adv. Hacking Suite | -7/Recycling | Hacked Arm. Huge Wheel | -7/Recycling | Hacked Imp. Cryofiber Web | -7/Recycling | Hacked Assault Drone Bay | -4/Zhirov | Free Exp. Heat Sink | -4/Zhirov | Free Exp. Optical Array | -4/Zhirov | Free Imp. Arc Thrower | -4/Zhirov | Free Robot Schematics ------------------ None Fabricated ------------ Nothing Repaired ---------- Wheel | 10% | -10/Materials Alien Tech Used ----------------- Transdimensional Reconstructor Achievements -------------- None Challenges ------------ None Game ------ Seed DisruptorTimingMatrix Manual? 0 Play Time 03:44:05 Cumulative 180.7 hours Start 2025.05.13 @ 16:04:42 End 2025.05.13 @ 20:48:46 Sessions 1 Manual Loads 0 Difficulty Rogue Special Mode None Game No. 92 Rogue 92 Adventurer 0 Explorer 0 Win Type - Total 3 Types 3/0/0/0/0/0/0/0/0/0 Lore% 31 Gallery% 49 Achievement% 42 Wizard Run 0 Options --------- Layout 0 ASCII 0 Keyboard 0 Movement Mouse Keybinds 0 Fullscreen 1 Font 18/SmallcapsGlow Map View 76x50 Zoom Use 0% Tactical HUD 1 Map Filters NONE Filters NONE Steam 1 RUN: 2ecae10a-d2ae-4bb1-8dbd-fb12586fe117